Map: Scoria Reactor

Players

Corlagon

  • Race: Protoss Protoss
  • Spawn Location: 12:00

KillerQualle

  • Race: Zerg Zerg
  • League: Gold
  • Spawn Location: 9:00

Ducky

  • Race: Protoss Protoss
  • Spawn Location: 11:00

Myrjala

  • Race: Protoss Protoss
  • Spawn Location: 12:00

Keishico

  • Race: Terran Terran
  • Spawn Location: 5:00

Polak

  • Race: Protoss Protoss
  • League: Gold
  • Spawn Location: 3:00

Soundwave

  • Race: Zerg Zerg
  • League: Gold
  • Spawn Location: 6:00

Snegovik

  • Race: Zerg Zerg
  • Spawn Location: 6:00

VOD

Have the link to the VOD?

Description

Time

  • Played on: Nov. 18, 2015, 10:43 a.m.
  • Length: 7:08
Show
View Real Time Build Order
Export as new Build Order

Corlagon Protoss 

Build Orders:  

Get SALT Encoding   

  12  0:38  Probe (Chrono Boost)  
  13  0:43  Assimilator  
  13  0:46  Pylon  
  13  0:49  Probe (Chrono Boost)  
  14  0:50  Assimilator  
  14  0:59  Probe (Chrono Boost)  
  15  1:10  Probe (Chrono Boost)  
  16  1:20  Probe (Chrono Boost), Nexus  
  17  1:31  Probe (Chrono Boost)  
  18  1:41  Probe (Chrono Boost)  
  19  1:52  Probe (Chrono Boost)  
  19  1:53  Gateway  
  20  2:02  Probe (Chrono Boost)  
  21  2:27  Pylon  
  22  2:44  Probe (Chrono Boost)  
  22  2:50  Nexus  
  22  2:51  Cybernetics Core  
  22  2:54  Probe (Chrono Boost)  
  22  2:58  Assimilator  
  23  3:01  Assimilator  
  23  3:15  Probe (Chrono Boost)  
  24  3:26  Probe (Chrono Boost)  
  25  3:32  Stargate  
  25  3:36  Probe (Chrono Boost), Pylon  
  26  3:47  Probe (Chrono Boost)  
  27  3:48  Assimilator  
  27  3:53  Assimilator  
  27  3:58  Probe (Chrono Boost)  
  28  4:03  Stargate  
  28  4:07  Stargate  
  28  4:25  Probe (Chrono Boost), Fleet Beacon  
  30  4:31  Probe (Chrono Boost)  
  30  4:35  Probe (Chrono Boost)  
  31  4:39  Pylon  
  31  4:42  Probe (Chrono Boost)  
  32  4:46  Probe (Chrono Boost)  
  33  4:54  Probe (Chrono Boost)  
  33  4:56  Probe (Chrono Boost)  
  35  5:03  Probe (Chrono Boost)  
  35  5:06  Probe  
  37  5:15  Probe  
  37  5:18  Probe  
  37  5:20  Carrier x2 (Chrono Boost)  
  51  5:27  Probe  
  52  5:30  Probe  
  53  5:39  Probe, Carrier (Chrono Boost)  
  60  5:52  Forge  
  60  5:56  Probe  
  61  6:05  Pylon  
  61  6:08  Probe  
  68  6:42  Probe  
  75  6:54  Probe, Pylon  
Show
View Real Time Build Order
Export as new Build Order

KillerQualle Zerg 

Build Orders: Pool First, Muta Ling Bane, Zergling Baneling 

Get SALT Encoding   

  12  0:01  Drone  
  13  0:12  Overlord  
  13  0:18  Drone  
  14  0:30  Drone x2  
  14  0:35  Drone  
  17  0:46  Spawning Pool  
  17  0:48  Extractor  
  15  0:50  Drone  
  15  0:55  Drone  
  17  1:06  Drone  
  18  1:23  Drone  
  19  1:29  Drone  
  20  1:33  Queen  
  22  1:42  Overlord  
  22  1:47  Extractor  
  22  1:52  Metabolic Boost  
  21  1:55  Zergling x2  
  22  2:10  Baneling Nest  
  22  2:14  Drone x2  
  23  2:22  Drone  
  24  2:33  Zergling x2  
  25  2:43  Overlord x2  
  25  2:45  Zergling x2  
  25  2:47  Lair  
  26  2:55  Zergling x2  
  27  3:06  Zergling x2  
  28  3:15  Zergling x6  
  31  3:20  Zergling x2  
  32  3:27  Baneling x2  
  32  3:28  Baneling x2  
  32  3:35  Zergling x2  
  33  3:47  Spire  
  32  3:52  Centrifical Hooks  
  32  3:54  Overlord x2  
  32  3:55  Zergling x4  
  34  4:05  Zergling x2  
  35  4:11  Baneling x3  
  35  4:17  Drone  
  35  4:18  Drone  
  27  4:43  Baneling x5  
  27  4:44  Zergling x2  
  27  4:45  Zergling x4  
  29  4:50  Zergling x2  
  29  4:51  Zergling x4  
  32  5:01  Mutalisk  
  34  5:13  Mutalisk  
  36  5:21  Zergling x2  
  36  5:22  Zergling x4  
  35  5:35  Zergling x2  
  32  5:37  Mutalisk  
  34  5:50  Baneling  
  34  5:51  Baneling x4  
  34  5:52  Zergling x2  
  35  5:59  Zergling x2  
  35  6:02  Baneling x2  
  36  6:04  Baneling  
  36  6:23  Zergling x2  
  36  6:24  Zergling x4  
  39  6:26  Baneling  
  39  6:27  Baneling x2  
  39  6:43  Hatchery, Drone x3  
Show
View Real Time Build Order
Export as new Build Order

Ducky Protoss 

Build Orders:  

Get SALT Encoding   

  12  0:02  Probe (Chrono Boost)  
  13  0:13  Probe (Chrono Boost)  
  14  0:20  Pylon  
  14  0:23  Probe (Chrono Boost)  
  15  0:40  Gateway  
  15  0:42  Probe (Chrono Boost)  
  16  0:46  Assimilator  
  16  0:52  Probe (Chrono Boost)  
  17  1:03  Probe (Chrono Boost)  
  18  1:14  Probe (Chrono Boost)  
  19  1:18  Pylon  
  19  1:21  Assimilator  
  19  1:30  Cybernetics Core  
  19  1:31  Probe (Chrono Boost)  
  20  1:41  Probe (Chrono Boost)  
  21  1:52  Probe (Chrono Boost)  
  22  2:04  Pylon  
  22  2:06  Gateway, Warp Gate (Chrono Boost)  
  22  2:11  Stalker  
  24  2:33  Gateway x2  
  24  2:36  Pylon  
  24  2:39  Pylon  
  24  2:50  Forge  
  24  3:01  Stalker  
  26  3:27  Nexus, Protoss Ground Weapons Level 1 (Chrono Boost)  
  26  3:51  Twilight Council  
  26  4:11  Stalker  
  26  4:12  Stalker x2  
  32  4:31  Probe  
  32  4:38  Probe  
  33  4:42  Pylon  
  33  4:43  Probe  
  35  4:48  Probe  
  36  4:52  Blink  
  36  4:56  Probe  
  37  5:07  Stalker x3  
  43  5:18  Zealot  
  45  5:41  Stalker x4  
  53  5:48  Probe  
  53  5:49  Probe  
  55  6:09  Stalker  
  55  6:10  Stalker x3  
  63  6:15  Probe  
  63  6:16  Probe  
Show
View Real Time Build Order
Export as new Build Order

Myrjala Protoss 

Build Orders:  

Get SALT Encoding   

  12  0:02  Probe (Chrono Boost)  
  13  0:26  Pylon  
  13  0:39  Probe (Chrono Boost)  
  14  0:49  Gateway  
  14  0:55  Gateway  
  14  0:58  Probe (Chrono Boost)  
  15  1:09  Probe (Chrono Boost)  
  16  1:19  Probe (Chrono Boost)  
  17  1:26  Pylon  
  17  1:43  Assimilator  
  17  1:54  Cybernetics Core  
  21  2:01  Zealot (Chrono Boost)  
  21  2:02  Zealot (Chrono Boost)  
  21  2:06  Probe (Chrono Boost)  
  22  2:17  Probe  
  23  2:27  Zealot (Chrono Boost)  
  23  2:29  Probe, Pylon  
  28  2:31  Zealot (Chrono Boost)  
  28  2:42  Probe, Warp Gate (Chrono Boost)  
  29  2:54  Probe  
  30  2:59  Assimilator  
  30  3:15  Stalker  
  30  3:16  Stalker  
  34  3:35  Pylon  
  34  3:36  Gateway  
  34  3:37  Gateway  
  34  3:58  Twilight Council  
  34  4:23  Probe  
  35  4:28  Pylon  
  35  4:35  Probe  
  36  4:39  Nexus  
  36  4:43  Pylon  
  36  5:04  Stalker x2  
  36  5:05  Stalker x2  
  44  5:29  Pylon  
  44  5:56  Stalker x4  
  52  6:38  Stalker  
  52  6:39  Stalker x3  
Show
View Real Time Build Order
Export as new Build Order

Keishico Terran 

Build Orders:  

Get SALT Encoding   

  12  0:02  SCV  
  13  0:14  SCV  
  14  0:28  SCV  
  15  0:37  Supply Depot  
  15  0:43  Refinery  
  15  0:48  Refinery  
  15  0:50  Supply Depot  
  15  0:59  SCV  
  16  1:06  Barracks  
  16  1:11  SCV  
  17  1:23  SCV  
  18  1:35  SCV  
  19  1:47  SCV  
  20  2:00  SCV  
  21  2:02  Marine  
  22  2:11  Command Center  
  22  2:14  SCV  
  23  2:20  Marine  
  24  2:26  SCV  
  25  2:38  Marine  
  25  2:43  Factory  
  26  2:49  Factory  
  27  2:51  SCV  
  27  2:56  Marine  
  28  3:03  SCV  
  29  3:14  Supply Depot, Marine  
  29  3:15  SCV, Supply Depot  
  31  3:21  Supply Depot  
  31  3:31  Marine  
  32  3:37  Factory Tech Lab x2  
  32  3:41  SCV  
  33  3:43  SCV  
  34  3:49  Marine  
  34  3:53  SCV  
  34  3:55  SCV  
  37  4:00  Cyclone  
  40  4:05  SCV  
  40  4:07  SCV  
  40  4:08  Cyclone  
  45  4:11  Marine  
  46  4:17  SCV  
  46  4:20  SCV  
  48  4:29  SCV, Marine  
  50  4:32  SCV  
  51  4:41  SCV  
  52  4:47  Marine  
  53  5:05  SCV  
  53  5:06  Refinery  
  54  5:07  Refinery  
  54  5:09  Supply Depot, Cyclone x2  
  54  5:10  Supply Depot  
  60  5:17  SCV  
  53  5:29  SCV  
  49  5:40  Marine  
  49  5:41  SCV, Cyclone  
  49  5:42  Command Center  
  54  5:50  Cyclone  
  54  5:55  SCV  
  58  5:58  Marine  
  58  6:01  SCV  
  60  6:07  SCV  
  60  6:08  Armory  
  61  6:16  Marine  
  62  6:19  SCV  
  63  6:31  SCV  
  61  6:33  Marine  
Show
View Real Time Build Order
Export as new Build Order

Polak Protoss 

Build Orders:  

Get SALT Encoding   

  12  0:02  Probe (Chrono Boost)  
  13  0:13  Probe (Chrono Boost)  
  14  0:23  Pylon  
  14  0:25  Probe (Chrono Boost)  
  15  0:42  Probe (Chrono Boost)  
  16  0:46  Gateway  
  16  0:52  Probe (Chrono Boost)  
  16  0:53  Assimilator  
  17  0:59  Assimilator  
  17  1:03  Probe (Chrono Boost)  
  18  1:13  Probe (Chrono Boost)  
  19  1:24  Probe (Chrono Boost)  
  20  1:34  Cybernetics Core, Probe (Chrono Boost)  
  21  1:46  Probe (Chrono Boost)  
  22  1:55  Nexus  
  22  2:01  Probe (Chrono Boost)  
  23  2:14  Pylon  
  23  2:20  Pylon, Warp Gate  
  23  2:32  Stalker, Probe (Chrono Boost)  
  26  2:43  Probe (Chrono Boost)  
  27  2:53  Probe (Chrono Boost)  
  28  2:58  Stargate  
  28  3:04  Probe (Chrono Boost), Pylon  
  29  3:10  Probe (Chrono Boost)  
  30  3:16  Probe (Chrono Boost), Assimilator  
  31  3:21  Assimilator  
  31  3:26  Pylon  
  31  3:27  Probe (Chrono Boost)  
  32  3:37  Probe (Chrono Boost)  
  33  3:42  Probe (Chrono Boost), Void Ray  
  33  3:47  Probe (Chrono Boost)  
  39  3:55  Probe (Chrono Boost)  
  40  3:58  Probe (Chrono Boost)  
  41  4:05  Probe (Chrono Boost)  
  41  4:09  Probe (Chrono Boost)  
  43  4:16  Probe (Chrono Boost)  
  44  4:20  Probe (Chrono Boost)  
  45  4:45  Probe x2 (Chrono Boost)  
  47  4:46  Void Ray  
  51  4:58  Stargate  
  51  4:59  Stargate  
  49  5:02  Stargate  
  49  5:14  Stalker  
  51  5:44  Void Ray (Chrono Boost)  
  51  5:45  Void Ray (Chrono Boost)  
  51  5:49  Void Ray (Chrono Boost)  
  67  5:58  Zealot, Void Ray (Chrono Boost)  
  69  6:13  Gateway  
  69  6:15  Gateway x2, Pylon  
  69  6:17  Pylon  
  69  6:22  Pylon  
  69  6:23  Pylon  
  68  6:26  Gateway  
  68  6:29  Void Ray (Chrono Boost), Pylon  
  73  6:56  Stalker  
Show
View Real Time Build Order
Export as new Build Order

Soundwave Zerg 

Build Orders: Hatch First 

Get SALT Encoding   

  12  0:03  Drone  
  13  0:12  Drone  
  14  0:15  Extractor  
  14  0:17  Drone, Extractor  
  13  0:23  Drone  
  16  0:59  Hatchery  
  16  1:03  Spawning Pool  
  14  1:04  Overlord  
  14  1:18  Extractor  
  14  1:19  Drone  
  14  1:23  Drone x2  
  16  1:31  Drone  
  17  1:41  Drone  
  18  1:50  Queen  
  18  1:52  Drone  
  21  2:10  Queen  
  21  2:12  Drone x2  
  25  2:35  Spore Crawler  
  24  2:40  Drone x5, Spine Crawler  
  24  2:43  Spine Crawler  
  27  2:46  Metabolic Boost  
  27  2:57  Drone  
  28  2:59  Overlord x2  
  28  3:12  Lair  
  28  3:18  Drone x5  
  33  3:30  Extractor  
  33  3:31  Drone x3  
  35  3:34  Drone x2  
  35  3:40  Zergling x4  
  35  3:41  Zergling x4  
  41  3:51  Roach Warren  
  41  3:54  Drone x2  
  42  3:57  Drone x2  
  44  4:05  Overlord x2  
  44  4:21  Extractor  
  44  4:23  Extractor  
  42  4:26  Drone x2  
  42  4:27  Drone  
  29  4:40  Zergling x6  
  29  4:44  Drone x4  
  35  4:58  Zergling x6  
  38  5:07  Roach  
  38  5:13  Roach x2  
  44  5:16  Queen  
  44  5:19  Roach x4  
  49  5:35  Roach x2  
  50  5:41  Roach  
  52  5:43  Overlord x3  
  52  5:44  Overlord  
  47  6:05  Roach x2  
  51  6:19  Roach  
  49  6:35  Roach  
  48  6:48  Roach x2  
  48  6:49  Roach x2  
Show
View Real Time Build Order
Export as new Build Order

Snegovik Zerg 

Build Orders: Hatch First 

Get SALT Encoding   

  12  1:11  Drone x2, Overlord  
  14  1:32  Extractor  
  13  1:37  Drone x2  
  13  1:38  Extractor  
  14  1:55  Drone x2  
  14  2:00  Hatchery  
  15  2:05  Drone  
  16  2:20  Drone  
  17  2:29  Drone  
  18  2:39  Overlord  
  18  2:48  Drone  
  19  3:03  Spawning Pool  
  19  3:04  Drone  
  19  3:09  Drone  
  20  3:15  Drone  
  21  3:28  Drone  
  21  3:31  Drone x2  
  24  3:40  Evolution Chamber  
  23  3:48  Drone  
  24  3:50  Queen  
  24  3:54  Queen  
  24  3:55  Drone x2  
  30  4:04  Overlord  
  30  4:15  Drone x2  
  32  4:24  Drone x2  
  34  4:32  Extractor  
  34  4:36  Extractor  
  32  4:50  Drone x3  
  35  5:03  Lair  
  35  5:24  Overlord x3  
  35  5:32  Pneumatized Carapace  
  35  5:35  Drone x3  
  38  5:41  Drone  
  38  5:42  Drone x3  
  42  5:51  Drone  
  43  6:09  Spire  
  42  6:15  Drone x3  
  42  6:16  Drone  
  46  6:26  Hydralisk Den  
  45  6:40  Drone  
  45  6:41  Drone x2  
  48  6:55  Drone x2  
Tags
 
Add a new tag
Caveats
  • Supply blocks, unpowered buildings, or Contaminate may cause inaccurate times.
  • Supply counts are checked every 10 seconds.